 Dungeon Crawl Stone Soup version 0.31-a0-841-g038b102fc3 (webtiles) character file.

Game seed: 1734827654838350257

2492 CraigForest the Poker (level 9, -9/69 HPs)
             Began as a Formicid Fighter on Sept 27, 2023.
             Was a Priest of Jiyva.
             Mangled by a +2 spectral quarterstaff (10 damage)
             ... created by Joseph
             ... on level 7 of the Dungeon.
             The game lasted 00:24:23 (6447 turns).

CraigForest the Poker (Formicid Fighter)            Turns: 6447, Time: 00:24:25

Health: -9/69      AC: 10    Str: 25    XL:     9   Next: 81%
Magic:  9/9        EV: 11    Int:  8    God:    Jiyva [***...]
Gold:   280        SH:  5    Dex: 13    Spells: 8/8 levels left

rFire   . . .        z - +3 halberd
rCold   . . .        c - +0 buckler
rNeg    . . .        B - +0 swamp dragon scales
rPois   +            (helmet unavailable)
rElec   .            (no cloak)
rCorr   +            (no gloves)
SInv    +            g - +0 pair of boots
Will    +....        (no amulet)
Stlth   +            f - +4 ring of slaying
HPRegen 1.43/turn    (no ring)
MPRegen 0.46/turn

%: no passive effects
@: mighty
A: permanent stasis, dig shafts and tunnels, antennae 3, four strong arms,
strong-willed 1
a: Dig, Shaft Self, Renounce Religion, Oozemancy


You were on level 7 of the Dungeon.
You worshipped Jiyva.
Jiyva was most pleased with you.
You visited 1 branch of the dungeon, and saw 7 of its levels.
You also visited: Sewer.

You collected 280 gold pieces.

Inventory:

Hand Weapons
 a - a +0 war axe
 p - a +0 glaive
 z - a +3 halberd (weapon)
Missiles
 e - 6 javelins
 q - 9 poisoned darts (quivered)
Armour
 b - a +0 scale mail
 c - a +0 buckler (worn)
 g - a +0 pair of boots (worn)
 B - +0 swamp dragon scales (worn)
Jewellery
 f - a +4 ring of slaying (left hand)
Talismans
 v - a beast talisman
Wands
 x - a wand of flame (12)
Scrolls
 d - a scroll of brand weapon
 h - a scroll of poison
 i - a scroll of revelation
 l - a scroll of torment {unknown}
 m - 5 scrolls of teleportation
 o - a scroll of fog {unknown}
 u - a scroll of amnesia {unknown}
 w - a scroll of noise {unknown}
 y - a scroll of immolation {unknown}
 A - a scroll of blinking {unknown}
Potions
 j - a potion of curing
 k - 2 potions of magic
 n - a potion of resistance
 r - 4 potions of invisibility
 s - a potion of might
 t - a potion of heal wounds


   Skills:
 + Level 6.1 Fighting
 + Level 5.4(7.4) Axes
 + Level 7.8(8.6) Polearms
 + Level 0.2 Throwing
 + Level 6.6 Armour
 + Level 2.0 Dodging
 + Level 1.0 Stealth
 + Level 5.8 Shields


You had 8 spell levels left.
You didn't know any spells.
Your spell library contained the following spells:

 Spells                   Type           Power      Damage    Failure   Level
 Sublimation of Blood     Necr           0%         N/A       75%         2
 Wereblood                Tmut           0%         N/A       75%         2
 Summon Hydra             Summ           0%         N/A       100%        7


Dungeon Overview and Level Annotations

Branches:
Dungeon (7/15)             Temple (0/1) D:6           Sewer (visited)

Altars:
Dithmenos
Elyvilon
Gozag
Hepliaklqana
Ru
Sif Muna
Uskayaw
Zin
The Shining One

Shops:
D:5 =   D:6 :

Annotations:
D:7 Joseph


Innate Abilities, Weirdness & Mutations

You cannot be hasted, slowed, berserked, paralysed or teleported.
You can dig through walls and to a lower floor.
You have a pair of large antennae on your head. (SInv)
Your four strong arms can wield two-handed weapons with a shield.
You are strong-willed. (Will+)


Message History

You now have 280 gold pieces (gained 16).
You hear the creaking of a portcullis very nearby.
There is an open door, spattered with blood here.
Things that are here:
a +0 long sword of flaming; a scorpion corpse Joseph unwields a +2 spectral quarterstaff.
Joseph wields a +0 sling.
Joseph shoots a sling bullet.
The sling bullet hits you!
Joseph shoots a sling bullet.
The sling bullet closely misses you.
Joseph shoots a sling bullet.
The sling bullet closely misses you.
You reach to attack!
You puncture Joseph!
Joseph is moderately wounded.
You hit Joseph.
Joseph is moderately wounded.
Joseph unwields a +0 sling.
Joseph wields a +2 spectral quarterstaff.
Joseph hits you with a +2 spectral quarterstaff.
The +2 spectral quarterstaff hits you!
A +2 spectral quarterstaff comes into view.
You puncture Joseph!
Joseph is moderately wounded.
Joseph hits you with a +2 spectral quarterstaff!
The +2 spectral quarterstaff hits you.
* * * LOW HITPOINT WARNING * * *
You feel very mighty all of a sudden.
The +2 spectral quarterstaff hits you but does no damage.
The +2 spectral quarterstaff hits you.
* * * LOW HITPOINT WARNING * * *
Joseph hits you with a +2 spectral quarterstaff.
* * * LOW HITPOINT WARNING * * *
The +2 spectral quarterstaff hits you!
* * * LOW HITPOINT WARNING * * *
The +2 spectral quarterstaff hits you but does no damage.
You feel much better. The +2 spectral quarterstaff hits you!
* * * LOW HITPOINT WARNING * * *
The +2 spectral quarterstaff barely misses you.
You block Joseph's attack. The +2 spectral quarterstaff hits you!
* * * LOW HITPOINT WARNING * * *
The +2 spectral quarterstaff hits you!
You die...

....###...............#
......................#
..##....#............##
...................#.#
..##..............####
.......##...........#
#.............^.##
##....###)###.....#
......#.....#@....#
......#.....#@(...#
......#.._..#....##
......#.....#.....#
......#.....#...###
......#######.....#
#####..............
###....###..... #.....
,...~~


You could see Joseph and a +2 spectral quarterstaff.

Vanquished Creatures
  Maggie (D:7)
  A wyvern (D:7)
  Menkaure (D:5)
  2 sky beasts
  2 ogres
  A centaur (D:6)
  2 phantoms (D:5)
  A kobold brigand (D:7)
  Blork the orc (D:4)
  A gnoll sergeant (D:6)
  2 scorpions
  7 wights
  3 hounds
  A jelly (Sewer)
  An orc priest (D:5)
  2 sleepcaps
  3 iguanas
  Ijyb (D:5)
  3 orc wizards (D:5)
  8 gnolls
  11 adders
  A river rat (Sewer)
  2 white imps (D:6)
  2 ufetubi (D:4)
  4 worms
  A dart slug (D:3)
  13 orcs
  11 endoplasms
  8 giant cockroaches
  8 goblins
  7 hobgoblins
  4 quokkas
  16 ball pythons
  11 bats
  8 frilled lizards
  17 kobolds
  5 rats
173 creatures vanquished.

Vanquished Creatures (others)
  A wight (D:6)
  2 jellies
  A hound (D:5)
  A dart slug (D:4)
  An orc (D:5)
  A quokka (D:5)
7 creatures vanquished.

Grand Total: 180 creatures vanquished

Notes
Turn   | Place    | Note
-------+----------+-------------------------------------------
     0 | D:1      | CraigForest the Formicid Fighter began the quest for the
                  | Orb.
     0 | D:1      | Reached XP level 1. HP: 18/18 MP: 1/1
    45 | D:1      | Reached XP level 2. HP: 20/24 MP: 2/2
   338 | D:1      | Reached XP level 3. HP: 29/29 MP: 3/3
  1020 | D:2      | Found a faded altar of an unknown god.
  1033 | D:2      | Prayed at the altar of an unknown god.
  1033 | D:2      | Became a worshipper of the Shining One
  1033 | D:2      | Reached * piety under the Shining One
  1219 | D:2      | Reached XP level 4. HP: 37/37 MP: 4/4
  1985 | D:3      | Reached XP level 5. HP: 32/42 MP: 5/5
  2190 | D:3      | Reached XP level 6. HP: 4/48 MP: 6/6
  2763 | D:4      | Noticed an ogre
  2772 | D:4      | Killed an ogre
  2773 | D:4      | Reached skill level 5 in Axes
  2777 | D:4      | Reached XP level 7. HP: 11/54 MP: 7/7
  2821 | D:4      | Noticed Blork the orc
  2831 | D:4      | The Shining One protects you from harm!
  2834 | D:4      | Killed Blork the orc
  2835 | D:4      | Reached skill level 1 in Dodging
  2838 | D:4      | Found a glowing drain.
  2852 | Sewer    | Entered a sewer
  3135 | Sewer    | Reached ** piety under the Shining One
  3153 | Sewer    | Reached skill level 1 in Polearms
  3157 | Sewer    | Found a viscous altar of Jiyva.
  3178 | Sewer    | Fell from the grace of the Shining One
  3178 | Sewer    | Became a worshipper of Jiyva Jasetoqe the Shapeless
  3533 | D:4      | Found an opulent altar of Gozag.
  3535 | D:4      | Found a glowing silver altar of Zin.
  3720 | D:4      | Reached skill level 5 in Armour
  4365 | D:5      | Entered Level 5 of the Dungeon
  4374 | D:5      | Found Oxirgh's Jewellery Emporium.
  4480 | D:5      | Reached skill level 2 in Polearms
  4562 | D:5      | Noticed Ijyb
  4568 | D:5      | Killed Ijyb
  4579 | D:5      | Found a white marble altar of Elyvilon.
  4608 | D:5      | Reached XP level 8. HP: 18/61 MP: 8/8
  4611 | D:5      | Reached skill level 3 in Polearms
  4746 | D:5      | Reached * piety under Jiyva
  4945 | D:5      | Reached skill level 4 in Polearms
  5053 | D:5      | Noticed Menkaure
  5062 | D:5      | Killed Menkaure
  5063 | D:5      | Reached skill level 5 in Fighting
  5063 | D:5      | Reached skill level 5 in Polearms
  5063 | D:5      | Reached skill level 5 in Shields
  5067 | D:5      | Found a shimmering blue altar of Sif Muna.
  5115 | D:5      | Gained mutation: You are strong-willed. (Will+) [potion of
                  | mutation]
  5449 | D:6      | Found a staircase to the Ecumenical Temple.
  5494 | D:6      | Found a shadowy altar of Dithmenos.
  5494 | D:6      | Found a sacrificial altar of Ru.
  5505 | D:6      | Found a glowing golden altar of the Shining One.
  5506 | D:6      | Found a hazy altar of Hepliaklqana.
  5528 | D:6      | Reached ** piety under Jiyva
  5876 | D:6      | Reached XP level 9. HP: 68/68 MP: 9/9
  5927 | D:6      | Reached skill level 6 in Polearms
  6006 | D:6      | Found Xoata's Book Shop.
  6293 | D:7      | Reached *** piety under Jiyva
  6331 | D:7      | Reached skill level 7 in Polearms
  6331 | D:7      | Reached skill level 1 in Stealth
  6390 | D:7      | Found a hide-covered altar of Uskayaw.
  6395 | D:7      | Noticed Maggie
  6412 | D:7      | Killed Maggie
  6433 | D:7      | Noticed Joseph
  6447 | D:7      | HP: 1/69 [+2 spectral quarterstaff[Joseph] (13)]
  6447 | D:7      | Mangled by a +2 spectral quarterstaff

Illustrated notes

Levels and vault maps discovered:
D:1:      minmay_arrival_wavy_path, layout_loops_corners,
          hangedman_decor_points, minmay_cupped
D:2:      layout_loops_cross, ebering_ecumenical_altar_abandoned,
          kennysheep_cluttered_room, grunt_decor_fettered
D:3:      layout_loops_cross
D:4:      layout_basic, grunt_temple_overflow_gold_and_silver,
          cheibrodos_sewer_entry_sluice, uniq_blork_the_orc
D:5:      layout_loops_corners, lemuel_doored_altar, elyvilon_altar_3,
          serial_shops, nicolae_shop_gaudy_bauble, hangedman_decor_opposing,
          uniq_menkaure, uniq_ijyb
D:6:      layout_loops_ring, grunt_temple_overflow_open, temple_statues,
          serial_shops, kennysheep_mini_moat, dk_noncrumbling_2
D:7:      layout_cave_pools, nicolae_kikubaaqudgha_miasma_corner,
          amcnicky_altar_gilded, enter_bailey_4, serial_shops, shop,
          nicolae_take_the_stairs, uniq_joseph, uniq_maggie, uniq_prince_ribbit1

Skill      XL: |  1  2  3  4  5  6  7  8  9 |
---------------+----------------------------+-----
Axes           | 3 4 5 |  5.4
Armour         | 4 5 6 |  6.6
Fighting       | 4 5 6 |  6.1
Dodging        | 1 2 |  2.0
Polearms       | 2 5 7 |  7.8
Shields        | 5 |  5.8
Stealth        | 1 |  1.0
Throwing       | |  0.2

Action                     |  1- 3 |  4- 6 |  7- 9 || total
---------------------------+-------+-------+-------++-------
  Melee: War axe           |    97 |    99 |     9 ||   205
         Glaive            |       |       |   223 ||   223
         Halberd           |       |       |    48 ||    48
  Throw: Dart              |       |     4 |     1 ||     5
Ability: Dig               |       |     1 |       ||     1
    Use: Potion            |       |     3 |     7 ||    10
         Scroll            |       |     3 |     4 ||     7
 Armour: Scale mail        |    69 |    72 |   210 ||   351
         Swamp dragon scal |       |       |    13 ||    13
  Dodge: Dodged            |    53 |    45 |   129 ||   227
  Block: Buckler           |    29 |    22 |    79 ||   130

Table legend: (Time is in decaauts)
 A = Elapsed time spent in this place.
 B = Non-inter-level travel time spent in this place.
 C = Inter-level travel time spent in this place.
 D = Time resting spent in this place.
 E = Time spent auto-exploring this place.
 F = Levels seen in this place.
 G = Mean time per level.
                   A        B        C        D        E       F      G
               +--------+--------+--------+--------+--------+-----+--------+
         Total |   6677 |   6465 |    212 |    272 |   3994 |   8 |  834.6 |
       Dungeon |   6082 |   5870 |    212 |    153 |   3744 |   7 |  868.9 |
         Sewer |    595 |    595 |      0 |    119 |    250 |   1 |  595.0 |
               +--------+--------+--------+--------+--------+-----+--------+

Top non-repeatable levels by time:
     D:3: 1438 daAuts
     D:5: 1121 daAuts
     D:1: 1049 daAuts
     D:6: 874 daAuts
     D:2: 799 daAuts
     D:4: 637 daAuts
   Sewer: 595 daAuts
     D:7: 160 daAuts
